 Dungeon Crawl Stone Soup version bcrawl-1.23 (webtiles) character file.

Game seed: 6871540825924264594

210 Freyura the Twirler (level 5, -9/41 HPs)
             Began as a Demonspawn Gladiator on May 30, 2020.
             Mangled by an orc warrior
             ... wielding a +0 halberd
              (19 damage)
             ... on level 4 of the Dungeon.
             The game lasted 00:06:08 (2876 turns).

Freyura the Twirler (Demonspawn Gladiator)          Turns: 2876, Time: 00:06:09

Health: -9/41      AC:  8    Str: 14    XL:     5   Next: 56%
Magic:  5/5        EV: 11    Int: 10    God:
Gold:   243        SH:  4    Dex: 15    Spells: 4/4 levels left

rFire    . . .     SeeInvis .   a - +1 quarterstaff
rCold    . . .     Gourm    .   (shield currently unavailable)
rNeg     . . .     Faith    .   o - +0 scale mail
rPois    .         Spirit   .   c - +0 helmet
rElec    .         Reflect  +   (no cloak)
rCorr    .         Harm     .   (no gloves)
MR       .....                  f - +0 pair of boots
Stlth    ..........             n - +4 amulet of reflection
HPRegen  0.13/turn              (no ring)
MPRegen  0.09/turn              (no ring)

@: lethally poisoned (-9 -> -12)
A: hooves 1
a: no special abilities


You were on level 4 of the Dungeon.
You were not hungry.

You visited 1 branch of the dungeon, and saw 4 of its levels.

You collected 243 gold pieces.

Inventory:

Hand Weapons
 a - a +1 quarterstaff (weapon)
Missiles
 d - 3 throwing nets (quivered) {!f}
Armour
 b - a +0 leather armour
 c - a +0 helmet (worn)
 f - a +0 pair of boots (worn)
 o - a +0 scale mail (worn)
Jewellery
 n - a +4 amulet of reflection (around neck)
Wands
 l - a wand of iceblast (13)
Scrolls
 i - a scroll of immolation {unknown}
 k - 2 scrolls of identify
 m - 2 scrolls of teleportation
Potions
 g - 2 potions of invisibility
 h - a potion of curing {unknown}
 j - 4 potions of haste
 p - a potion of degeneration {unknown}
 s - 2 potions of agility {unknown}
 u - 2 potions of ambrosia {unknown}
Comestibles
 e - 5 rations {!d}
 q - a chunk of flesh


   Skills:
 + Level 3.1 Fighting
 * Level 4.1 Staves
 - Level 1.7 Throwing
 + Level 2.0 Armour
 + Level 3.5 Dodging


You had 4 spell levels left.
You didn't know any spells.
Your spell library was empty.

Dungeon Overview and Level Annotations

Branches:
Dungeon (4/12)
 Temple: D:4-7

Altars:
Fedhas
Kikubaaqudgha
Nemelex Xobeh
Sif Muna


Innate Abilities, Weirdness & Mutations

You have large cloven feet.


Message History

The orc warrior hits you from afar with a +0 halberd.
The worker ant barely misses you.
You closely miss the worker ant.
The worker ant is lightly wounded.
The worker ant bites you but does no damage.
The orc warrior barely misses you.
Your scale mail prevents you from hitting the worker ant.
The worker ant is lightly wounded.
You feel sick. You block the worker ant's attack.
The orc warrior hits you from afar with a +0 halberd!!
Ouch! That really hurt!
* * * LOW HITPOINT WARNING * * *
The worker ant closely misses you.
You are too injured to fight recklessly!
You hit the worker ant.
The worker ant is moderately wounded.
The worker ant waves its antennae.
The worker ant closely misses you.
The orc warrior hits you from afar with a +0 halberd!!
You die...

##.......##
#......<..#
...#
#.........+
....
#<........#
...# ##.......#
####..
##.....##
#....> ##...##
#.##o### ##'##
#.##a..# #.#
#.##@# #.#
#.##.# ##.##
##.##.#.#..#
##...##
#..........#
#.....#
#.##########
##...## #.# #
##.## ##.##
....##.####...#
..>.......))..#


You could see an orc warrior and a worker ant.

Vanquished Creatures
  An orc priest (D:4)
  Terence (D:2)
  Jessica (D:2)
  An orc wizard (D:4)
  An adder (D:2)
  2 oozes (D:1)
  4 worms
  A dart slug (D:2)
  4 leopard geckos
  4 orcs
  3 bats
  7 giant cockroaches
  10 goblins
  8 hobgoblins (D:1)
  2 jackals (D:3)
  4 frilled lizards
  7 kobolds
  2 rats
63 creatures vanquished.

Notes
Turn   | Place    | Note
-------+----------+-------------------------------------------
     0 | D:1      | Freyura the Demonspawn Gladiator began the quest for the
                  | Orb.
     0 | D:1      | Reached XP level 1. HP: 16/16 MP: 1/1
    89 | D:1      | Gained mutation: You have large cloven feet. [demonic
                  | ancestry]
    89 | D:1      | Reached XP level 2. HP: 19/22 MP: 2/2
   152 | D:1      | Reached skill level 3 in Staves
   894 | D:1      | Reached XP level 3. HP: 27/28 MP: 3/3
  1033 | D:1      | Reached skill level 1 in Armour
  1298 | D:2      | Found a shimmering blue altar of Sif Muna.
  1298 | D:2      | Found a sparkling altar of Nemelex Xobeh.
  1343 | D:2      | Noticed Terence
  1374 | D:2      | Killed Terence
  1374 | D:2      | Reached XP level 4. HP: 13/34 MP: 4/4
  1560 | D:2      | Noticed Jessica
  1625 | D:2      | Killed Jessica
  2133 | D:2      | Found an ancient bone altar of Kikubaaqudgha.
  2281 | D:3      | Found a blossoming altar of Fedhas.
  2360 | D:3      | Reached XP level 5. HP: 34/40 MP: 5/5
  2781 | D:4      | Reached skill level 4 in Staves
  2868 | D:4      | Noticed an orc warrior
  2876 | D:4      | Mangled by an orc warrior

Skill      XL: |  1  2  3  4  5 |
---------------+----------------+-----
Staves         | 3 4 |  4.1
Dodging        | 3 |  3.5
Armour         | 1 2 |  2.0
Fighting       | 3 |  3.1
Throwing       | |  1.7

Action                   |  1- 3 |  4- 6 || total
-------------------------+-------+-------++-------
Melee: Quarterstaff      |    88 |   109 ||   197
  Use: Scroll            |       |    10 ||    10
 Stab: Distracted        |     1 |       ||     1
  Eat: Chunk             |     1 |     5 ||     6
Armor: Leather armour    |    23 |       ||    23
       Scale mail        |       |    42 ||    42
Dodge: Dodged            |    44 |    50 ||    94
Block: Other             |       |     8 ||     8
